Map: Ruins of Seras

Players

BIGBOY (Patience) - Winner!

  • Race: Protoss Protoss
  • League: Gold

Bones

  • Race: Protoss Protoss
  • League: Master

Event: ASL Season 5 Prime League LOTV Beta

VOD

Have the link to the VOD?

Description

Time

  • Played on: Sept. 3, 2015, 10:55 p.m.
  • Length: 22:21

All games in this series

Show
View Real Time Build Order
Export as new Build Order

BIGBOY Protoss - Winner!

Build Orders:  

Get SALT Encoding   

  12  0:00  Probe (Chrono Boost)  
  13  0:11  Probe (Chrono Boost)  
  14  0:18  Pylon  
  14  0:23  Probe (Chrono Boost)  
  15  0:36  Probe (Chrono Boost)  
  15  0:39  Gateway  
  16  0:46  Probe (Chrono Boost)  
  16  0:49  Assimilator  
  17  0:53  Assimilator  
  17  0:56  Probe (Chrono Boost)  
  18  1:06  Probe (Chrono Boost)  
  18  1:09  Pylon  
  19  1:16  Probe (Chrono Boost)  
  20  1:27  Probe (Chrono Boost)  
  20  1:29  Cybernetics Core  
  21  1:37  Probe (Chrono Boost)  
  22  1:47  Probe (Chrono Boost)  
  23  1:57  Probe (Chrono Boost)  
  24  2:05  Nexus  
  24  2:07  Probe (Chrono Boost)  
  25  2:10  Warp Gate (Chrono Boost)  
  25  2:17  Mothership Core (Chrono Boost)  
  27  2:24  Sentry  
  29  2:30  Pylon  
  29  2:38  Probe (Chrono Boost)  
  30  2:49  Gateway  
  30  2:51  Gateway  
  30  2:55  Sentry  
  30  2:58  Probe  
  33  3:10  Robotics Facility  
  34  3:12  Probe  
  34  3:19  Probe, Pylon  
  34  3:24  Sentry  
  37  3:28  Probe  
  37  3:29  Probe  
  39  3:39  Probe  
  39  3:40  Probe  
  40  3:47  Pylon  
  40  3:50  Probe  
  40  3:52  Probe  
  42  3:59  Observer  
  42  4:02  Stalker  
  43  4:04  Probe  
  43  4:06  Probe (Chrono Boost)  
  43  4:12  Stalker  
  43  4:16  Probe (Chrono Boost)  
  46  4:18  Probe (Chrono Boost)  
  46  4:23  Pylon  
  47  4:26  Stalker, Probe (Chrono Boost)  
  47  4:30  Observer  
  51  4:32  Probe (Chrono Boost)  
  51  4:36  Probe (Chrono Boost)  
  53  4:43  Probe (Chrono Boost)  
  54  4:45  Forge  
  54  4:46  Probe (Chrono Boost)  
  55  4:53  Probe (Chrono Boost), Assimilator  
  55  4:54  Stalker  
  55  4:56  Probe (Chrono Boost)  
  55  4:57  Assimilator  
  59  5:03  Probe (Chrono Boost)  
  59  5:06  Probe (Chrono Boost)  
  61  5:08  Twilight Council  
  61  5:12  Probe (Chrono Boost)  
  62  5:17  Probe (Chrono Boost)  
  62  5:18  Protoss Ground Weapons Level 1 (Chrono Boost)  
  63  5:21  Probe  
  63  5:28  Probe  
  65  5:31  Probe  
  65  5:33  Stargate  
  66  5:37  Nexus  
  66  5:41  Probe  
  66  5:42  Probe  
  68  5:52  Robotics Bay  
  68  5:54  Probe  
  68  5:55  Probe, Pylon  
  69  6:01  Pylon  
  70  6:08  Stalker x2  
  74  6:13  Probe  
  74  6:15  Probe  
  76  6:19  Oracle (Chrono Boost)  
  76  6:22  Stalker  
  81  6:34  Probe, Pylon  
  81  6:36  Probe, Warp Prism (Chrono Boost)  
  81  6:38  Shield Upgrade  
  85  6:40  Gravitic Drive  
  85  6:44  Photon Cannon  
  85  6:48  Probe  
  85  6:50  Probe  
  85  6:51  Probe  
  87  6:58  Probe  
  88  7:01  Probe  
  88  7:02  Probe  
  88  7:06  Stalker  
  92  7:08  Probe  
  92  7:10  Disruptor (Chrono Boost)  
  92  7:11  Probe  
  92  7:14  Probe  
  97  7:16  Protoss Ground Weapons Level 2 (Chrono Boost)  
  97  7:18  Probe  
  97  7:21  Probe  
  92  7:26  Probe  
  92  7:27  Assimilator  
  92  7:28  Probe, Assimilator  
  93  7:32  Probe  
  93  7:35  Pylon  
  95  7:38  Probe x2  
  95  7:42  Probe  
  95  7:43  Disruptor (Chrono Boost)  
  101  7:49  Probe  
  101  7:50  Probe  
  103  7:52  Probe, Gateway  
  103  7:54  Gateway  
  103  7:55  Gateway  
  104  7:59  Probe  
  104  8:01  Phoenix (Chrono Boost)  
  104  8:02  Probe x2, Pylon  
  109  8:09  Probe  
  109  8:12  Probe  
  110  8:15  Probe, Pylon  
  110  8:17  Adept x3  
  110  8:19  Probe  
  118  8:25  Disruptor (Chrono Boost)  
  121  8:33  Gateway  
  121  8:34  Gateway  
  121  8:35  Blink  
  121  8:37  Templar Archives  
  121  8:39  Gateway  
  121  8:42  Gateway  
  121  8:48  Photon Cannon  
  121  8:53  Stalker x4  
  121  8:54  Stalker x2  
  123  9:03  Disruptor (Chrono Boost)  
  125  9:13  Protoss Ground Weapons Level 3 (Chrono Boost)  
  125  9:14  Gateway  
  125  9:16  Gateway  
  125  9:19  Pylon  
  125  9:27  Nexus  
  125  9:33  Disruptor (Chrono Boost)  
  125  9:38  Photon Cannon  
  128  9:39  Robotics Facility  
  128  9:40  Photon Cannon  
  125  9:51  Observer Gravitic Boosters  
  125  9:55  Photon Cannon  
  125  9:59  Forge  
  125  10:01  Pylon  
  125  10:03  Warp Prism (Chrono Boost)  
  125  10:04  Pylon  
  127  10:20  Probe  
  122  10:22  Probe x2  
  125  10:30  Probe  
  125  10:34  Probe x2, Disruptor (Chrono Boost)  
  128  10:35  Protoss Shields Level 1 (Chrono Boost)  
  128  10:36  Charge  
  128  10:42  Warp Prism (Chrono Boost)  
  133  11:01  Disruptor (Chrono Boost)  
  133  11:10  Warp Prism (Chrono Boost)  
  135  11:11  Oracle (Chrono Boost)  
  139  11:29  Immortal  
  139  11:31  Assimilator  
  139  11:34  Assimilator  
  143  11:40  Disruptor  
  143  11:42  Gateway  
  143  11:44  Gateway, Oracle  
  143  11:45  Protoss Ground Armor Level 1 (Chrono Boost), Photon Cannon  
  143  11:46  Photon Cannon  
  149  11:49  Gateway  
  149  11:51  Gateway  
  149  11:53  Photon Cannon  
  149  11:55  Photon Cannon x2  
  149  12:02  Warp Prism  
  149  12:04  Photon Cannon  
  149  12:07  Pylon  
  149  12:09  Disruptor  
  149  12:11  High Templar x5  
  161  12:17  High Templar  
  161  12:20  Oracle  
  161  12:22  Probe x4  
  173  12:25  Archon  
  173  12:26  Archon  
  173  12:34  Probe x2, Archon  
  173  12:36  Nexus  
  173  12:37  Pylon  
  169  12:46  Pylon  
  169  12:49  Pylon  
  169  12:52  Protoss Shields Level 2 (Chrono Boost)  
  169  12:53  Pylon  
  169  12:54  Dark Shrine  
  169  12:57  Photon Cannon  
  168  12:59  Photon Cannon  
  168  13:00  Protoss Air Weapons Level 1 (Chrono Boost)  
  168  13:06  Stargate  
  168  13:09  Stargate  
  168  13:15  Fleet Beacon  
  160  13:34  Stargate  
  160  13:36  Photon Cannon  
  160  13:37  Stargate, Photon Cannon  
  160  13:39  Photon Cannon  
  160  13:41  Photon Cannon  
  160  13:44  Photon Cannon  
  160  13:46  Photon Cannon  
  160  13:49  Photon Cannon  
  160  13:50  Photon Cannon  
  160  13:52  Photon Cannon  
  160  13:59  Pylon  
  160  14:03  Protoss Ground Armor Level 2 (Chrono Boost)  
  160  14:04  Carrier x2 (Chrono Boost)  
  160  14:08  Carrier (Chrono Boost)  
  159  14:12  Cybernetics Core  
  159  14:13  Pylon  
  159  14:15  Carrier (Chrono Boost)  
  159  14:23  Colossus  
  159  14:26  Carrier (Chrono Boost)  
  189  14:51  Zealot x2  
  195  15:35  Zealot x3  
  197  15:43  Protoss Air Armor Level 1 (Chrono Boost)  
  193  15:51  Protoss Air Weapons Level 2 (Chrono Boost)  
  191  16:04  Observer  
  191  16:08  Observer  
  193  16:17  Carrier (Chrono Boost)  
  187  16:30  Photon Cannon  
  187  16:32  Photon Cannon  
  187  16:35  Photon Cannon  
  187  16:37  Photon Cannon, Assimilator x2  
  187  16:38  Photon Cannon  
  187  16:39  Photon Cannon  
  190  16:42  Photon Cannon  
  190  16:44  Photon Cannon  
  190  16:45  Photon Cannon  
  196  16:47  Photon Cannon  
  196  16:51  Carrier (Chrono Boost)  
  196  16:52  Carrier x2 (Chrono Boost)  
  190  17:28  Photon Cannon  
  190  17:30  Photon Cannon  
  190  17:32  Photon Cannon  
  190  17:33  Photon Cannon  
  190  17:34  Photon Cannon  
  190  17:37  Photon Cannon  
  190  17:39  Photon Cannon  
  190  17:42  Photon Cannon  
  190  17:43  Photon Cannon  
  190  17:45  Pylon  
  190  17:47  Protoss Air Armor Level 2  
  190  17:48  Protoss Shields Level 3 (Chrono Boost)  
  190  17:50  Protoss Ground Armor Level 3 (Chrono Boost)  
  190  18:00  Pylon  
  190  18:04  Pylon  
  190  18:06  Carrier x3 (Chrono Boost)  
  190  18:08  Graviton Catapult  
  190  18:12  Carrier (Chrono Boost)  
  192  18:42  Disruptor (Chrono Boost)  
  192  18:47  Disruptor (Chrono Boost)  
  189  19:18  Carrier  
  189  19:23  Carrier  
  189  19:28  Carrier  
  193  20:05  Adept x4  
  193  20:06  Adept  
  193  20:35  Stalker x3  
  197  20:38  Pylon  
  199  21:16  Nexus  
  199  21:18  Pylon  
  189  21:37  Adept x3  
  189  21:38  Adept x5  
  189  21:39  Adept x2  
Show
View Real Time Build Order
Export as new Build Order

Bones Protoss 

Build Orders: Oracle Opening 

Get SALT Encoding   

  12  0:00  Probe (Chrono Boost)  
  13  0:11  Probe (Chrono Boost)  
  14  0:18  Pylon  
  14  0:21  Probe (Chrono Boost)  
  15  0:36  Probe (Chrono Boost)  
  15  0:37  Gateway  
  16  0:46  Probe (Chrono Boost)  
  16  0:48  Assimilator  
  17  0:52  Assimilator  
  17  0:56  Probe (Chrono Boost)  
  18  1:06  Probe (Chrono Boost)  
  18  1:09  Pylon  
  19  1:16  Probe (Chrono Boost)  
  20  1:26  Probe (Chrono Boost)  
  20  1:28  Cybernetics Core  
  21  1:37  Probe (Chrono Boost)  
  22  1:47  Probe (Chrono Boost)  
  23  1:57  Probe (Chrono Boost)  
  24  2:05  Warp Gate (Chrono Boost)  
  24  2:06  Adept (Chrono Boost)  
  24  2:08  Probe (Chrono Boost)  
  27  2:09  Stargate  
  27  2:17  Pylon  
  27  2:19  Mothership Core (Chrono Boost)  
  29  2:31  Adept  
  31  2:38  Probe (Chrono Boost)  
  32  2:49  Probe (Chrono Boost)  
  32  2:50  Oracle (Chrono Boost)  
  36  3:06  Nexus  
  36  3:07  Probe  
  37  3:13  Pylon  
  38  3:20  Probe  
  38  3:31  Adept  
  38  3:32  Probe  
  41  3:42  Pylon  
  41  3:45  Probe  
  42  3:49  Pylon  
  42  3:57  Probe  
  43  4:12  Probe (Chrono Boost)  
  43  4:14  Gateway x2  
  44  4:21  Adept  
  44  4:22  Probe x2 (Chrono Boost)  
  48  4:28  Phoenix (Chrono Boost)  
  50  4:31  Probe (Chrono Boost)  
  50  4:33  Probe  
  52  4:41  Probe  
  52  4:44  Forge  
  52  4:45  Probe  
  54  4:47  Sentry  
  54  4:48  Pylon  
  54  4:50  Phoenix (Chrono Boost)  
  58  4:54  Probe  
  58  4:57  Probe  
  60  5:00  Assimilator x2  
  60  5:09  Phoenix (Chrono Boost)  
  60  5:10  Probe x2  
  64  5:17  Protoss Ground Weapons Level 1 (Chrono Boost)  
  64  5:23  Probe  
  65  5:29  Probe  
  65  5:30  Phoenix  
  65  5:32  Pylon  
  65  5:35  Probe  
  69  5:37  Robotics Facility  
  69  5:45  Probe  
  69  5:47  Probe  
  69  5:48  Photon Cannon  
  71  5:52  Photon Cannon  
  71  5:57  Twilight Council  
  71  5:58  Phoenix  
  71  6:01  Probe  
  71  6:02  Probe  
  75  6:15  Probe  
  75  6:16  Probe  
  77  6:19  Phoenix  
  79  6:28  Nexus  
  79  6:31  Pylon  
  79  6:36  Observer  
  79  6:38  Probe x2  
  79  6:39  Adept x3  
  88  6:50  Probe x2, Pylon  
  88  6:54  Phoenix  
  92  7:02  Probe x2  
  92  7:19  Probe x2  
  92  7:20  Phoenix  
  94  7:25  Shield Upgrade  
  94  7:28  Protoss Ground Weapons Level 2 (Chrono Boost)  
  96  7:31  Probe x2  
  98  7:43  Probe x2  
  98  7:44  Photon Cannon  
  100  7:47  Assimilator  
  100  7:48  Assimilator  
  100  7:50  Phoenix  
  100  7:58  Adept x3  
  108  8:05  Gateway  
  108  8:07  Gateway  
  108  8:08  Gateway  
  108  8:12  Gateway x2  
  108  8:13  Gateway  
  108  8:21  Adept x3  
  114  8:29  Pylon  
  114  8:34  Charge  
  114  8:39  Robotics Bay  
  114  8:41  Robotics Facility  
  114  8:46  Pylon  
  114  8:54  Nexus  
  114  8:58  Phoenix  
  110  9:07  Adept x3  
  116  9:15  Protoss Ground Weapons Level 3  
  116  9:19  Pylon  
  116  9:24  Pylon  
  116  9:38  Disruptor (Chrono Boost)  
  116  9:42  Gravitic Drive  
  116  9:44  Disruptor (Chrono Boost)  
  122  9:45  Adept x2  
  122  9:46  Adept x6  
  138  9:54  Templar Archives, Adept  
  140  10:00  Photon Cannon  
  140  10:04  Photon Cannon  
  140  10:06  Assimilator  
  138  10:10  Assimilator  
  138  10:14  Pylon  
  138  10:16  Dark Shrine  
  138  10:22  Adept x3  
  138  10:23  Adept x6  
  156  10:30  Photon Cannon  
  156  10:43  Disruptor (Chrono Boost)  
  156  10:49  Disruptor (Chrono Boost)  
  162  10:54  Probe x3  
  159  11:08  Adept x3  
  159  11:09  Adept x6  
  175  11:13  Warp Prism (Chrono Boost)  
  175  11:15  Gateway  
  175  11:16  Gateway  
  179  11:26  Observer Gravitic Boosters  
  179  11:27  Warp Prism (Chrono Boost)  
  179  11:32  Pylon  
  179  11:33  Protoss Shields Level 1  
  179  11:35  Pylon x2  
  179  11:37  Pylon  
  179  11:44  Pylon  
  179  11:50  Disruptor (Chrono Boost)  
  179  11:53  High Templar x2  
  186  11:54  High Templar x3  
  186  11:55  Probe, High Templar  
  186  11:57  Probe x3  
  186  12:00  Archon x2  
  197  12:03  Disruptor (Chrono Boost)  
  197  12:07  Archon  
  197  12:14  Probe x3  
  200  12:28  Pylon  
  200  12:30  Pylon  
  194  12:38  Zealot x4  
  194  12:44  Probe  
  195  12:45  Probe x3  
  192  12:57  Probe x2  
  188  13:06  High Templar x4  
  188  13:08  High Templar  
  188  13:09  High Templar  
  188  13:11  Archon  
  188  13:12  Archon x2  
  196  13:14  Protoss Shields Level 2  
  196  13:19  Probe  
  196  13:20  Probe x3  
  200  13:37  Nexus  
  200  13:40  Pylon  
  200  13:43  Assimilator  
  200  13:44  Dark Templar  
  200  13:47  Dark Templar, Assimilator  
  198  13:51  Pylon x2  
  198  13:52  Zealot x3  
  198  13:53  Pylon  
  190  14:20  Adept  
  190  14:21  Adept x2  
  190  14:23  Dark Templar  
  198  14:27  Photon Cannon  
  198  14:28  Photon Cannon  
  198  14:31  Photon Cannon  
  198  14:34  Photon Cannon  
  196  14:46  Dark Templar  
  196  14:50  Photon Cannon  
  195  14:59  Photon Cannon  
  195  15:02  Photon Cannon  
  195  15:08  Photon Cannon  
  195  15:10  Photon Cannon  
  191  15:22  Probe  
  191  15:23  Probe  
  191  15:24  Probe  
  191  15:25  Probe x2  
  194  15:31  High Templar x4  
  194  15:34  Archon  
  198  15:37  Dark Templar  
  200  15:50  Archon  
  200  16:11  Archon  
  200  16:39  Gateway  
  200  16:41  Gateway  
  200  16:43  Gateway  
  200  16:45  Gateway  
  200  16:48  Pylon  
  200  17:02  Photon Cannon  
  200  17:08  Protoss Shields Level 3  
  200  17:12  Photon Cannon  
  200  17:47  Nexus, Pylon  
  200  17:52  Pylon  
  199  18:28  Dark Templar  
  200  18:35  Photon Cannon  
  200  18:39  Photon Cannon  
  200  18:41  Photon Cannon  
  200  18:43  Photon Cannon  
  200  18:45  Assimilator  
  200  18:46  Assimilator  
  193  19:04  Protoss Air Weapons Level 1 (Chrono Boost)  
  193  19:05  Stargate  
  193  19:06  Stargate  
  193  19:08  Stargate  
  193  19:09  Blink (Chrono Boost)  
  175  19:10  Fleet Beacon  
  165  19:25  High Templar x2  
  165  19:26  High Templar x4  
  165  19:27  High Templar x2  
  165  19:28  High Templar x2  
  165  19:29  High Templar x4  
  193  19:32  Archon, Carrier x3 (Chrono Boost)  
  193  19:33  Archon x2  
  193  19:37  Archon  
  193  19:38  Archon  
  189  19:41  Carrier (Chrono Boost)  
  189  19:44  Observer  
  189  19:46  Observer  
  189  19:50  Archon x2  
  165  19:57  Graviton Catapult  
  134  20:17  Stalker x3  
  134  20:18  Stalker x6  
  134  20:19  Stalker x4  
  134  20:20  Stalker x2  
  163  20:34  Carrier x2 (Chrono Boost)  
  147  20:42  High Templar  
  147  20:43  High Templar x5  
  147  20:48  High Templar x2  
  147  20:49  Carrier (Chrono Boost), Archon  
  149  20:56  Archon x3  
  159  21:12  Stalker x3  
  135  21:30  Stalker x3  
  135  21:31  Stalker x2  
  107  21:56  Stalker  
  107  21:57  Stalker x4  
  107  21:58  Stalker  
Tags
 
Add a new tag
Caveats
  • Supply blocks, unpowered buildings, or Contaminate may cause inaccurate times.
  • Supply counts are checked every 10 seconds.